 Dungeon Crawl Stone Soup version 0.30-a0-404-g0b3c3f4973 (webtiles) character file.

Game seed: 12812825377235867155

258806 Charly the Warrior (level 19, -42/231 (271) HPs)
             Began as a Demonspawn Wanderer on Dec 7, 2022.
             Was the Champion of Trog.
             Killed from afar by a deep elf death mage (63 damage)
             ... with a bolt of negative energy
             ... on level 3 of the Elven Halls.
             The game lasted 01:51:18 (38272 turns).

Charly the Warrior (Demonspawn Wanderer)           Turns: 38272, Time: 01:51:19

HP:   -42/231 (271) AC: 45    Str: 17    XL:     19   Next: 13%
MP:   29/29         EV:  7    Int: 15    God:    Trog [******]
Gold: 1867          SH: 25    Dex: 15    Spells: 20/20 levels left

rFire   + . .      SeeInvis +    S - +9 broad axe (freeze)
rCold   + . .      Faith    .    T - +3 kite shield {AC+3}
rNeg    . . .      Spirit   .    O - +10 plate armour of Lies {Will+}
rPois   .          Reflect  +    (helmet unavailable)
rElec   +          Harm     .    X - +2 cloak {rCorr}
rCorr   +          Rampage  .    W - +0 pair of gloves "Yfiseclu" {rF+}
Will    ++++.                    B - +2 pair of boots
Stlth   ..........               U - amulet of reflection
HPRegen 7.58/turn                x - +4 ring of slaying
MPRegen 0.21/turn                c - ring of the Evening {rC+ MP+9}

@: berserking, lethally poisoned (-42 -> -42), strong-willed, regenerating,
heavily drained, very quick
A: antennae 3, thin metallic scales 3, icemail 1, powered by death 2, robust 1,
condensation shield
}: 2/15 runes: decaying, gossamer
a: Renounce Religion, Berserk, Trog's Hand, Brothers in Arms


You were on level 3 of the Elven Halls.
You worshipped Trog.
Trog was exalted by your worship.
You visited 8 branches of the dungeon, and saw 35 of its levels.
You visited 1 bazaar.
You also visited: Gauntlet, Ice Cave and Wizlab.

You collected 3507 gold pieces.
You spent 1640 gold pieces at shops.

Inventory:

Hand Weapons
 S - a +9 broad axe of freezing (weapon)
Missiles
 I - 3 throwing nets
 R - 9 curare-tipped darts
Armour
 s - the +0 pair of gloves of Elyvilon's Inspiration {rN+ SInv}
   (You found it on level 8 of the Dungeon)

   rN:        It protects you from negative energy.
   SInv:      It lets you see invisible.
 B - a +2 pair of boots (worn)
 O - the +10 plate armour of Lies (worn) {Will+}
   (You bought it in a shop in a bazaar)

   Will:      It increases your willpower.
 T - a +3 kite shield of protection (worn)
 W - the +0 pair of gloves "Yfiseclu" (worn) {rF+}
   (You found it on level 2 of the Swamp)

   rF:        It protects you from fire.
 X - a +2 cloak of preservation (worn)
Jewellery
 c - the ring of the Evening (right hand) {rC+ MP+9}
   (You found it on level 2 of the Lair of Beasts)

   [ring of magical power]

   rC:        It protects you from cold.
   MP:        It affects your magic capacity (+9).
 f - a ring of protection from fire
 p - a ring of poison resistance
 x - a +4 ring of slaying (left hand)
 U - an amulet of reflection (around neck)
Wands
 j - a wand of flame (62)
 n - a wand of digging (2)
 o - a wand of paralysis (15)
 q - a wand of polymorph (29) (quivered)
 K - a wand of iceblast (8)
 L - a wand of mindburst (25)
 V - a wand of light (12)
Scrolls
 g - 2 scrolls of immolation
 h - 4 scrolls of blinking
 l - 11 scrolls of teleportation
 m - 2 scrolls of identify
 t - 3 scrolls of butterflies
 u - 2 scrolls of silence
 w - 3 scrolls of enchant weapon
 y - a scroll of poison
 D - 5 scrolls of vulnerability
 G - 4 scrolls of fear
 P - 2 scrolls of magic mapping
 Y - a scroll of summoning
Potions
 a - 3 potions of mutation
 b - 6 potions of curing
 d - 5 potions of cancellation
 e - 8 potions of attraction
 k - 7 potions of flight
 v - 10 potions of haste
 z - 6 potions of lignification
 A - 4 potions of might
 E - 10 potions of heal wounds
 F - 8 potions of invisibility
 H - 2 potions of berserk rage
 N - 3 potions of resistance
 Q - 7 potions of ambrosia
Miscellaneous
 i - a box of beasts
 J - a tin of tremorstones (2/2)
 M - a phantom mirror


   Skills:
 + Level 18.9 Fighting
 - Level 2.0(5.2) Short Blades
 - Level 7.6(7.7) Long Blades
 - Level 18.0 Axes
 + Level 12.9 Armour
 - Level 6.0 Dodging
 - Level 4.0 Stealth
 + Level 13.8 Shields
 - Level 1.0 Spellcasting
 - Level 2.1 Necromancy
 - Level 5.0 Evocations


You had 20 spell levels left.
You didn't know any spells.
Your spell library contained the following spells:

 Spells                   Type           Power      Damage    Failure   Level
 Sublimation of Blood     Necr           7%         N/A       99%         2
 Summon Small Mammal      Summ           0%         N/A       100%        1
 Cigotuvi's Dreadful Rot  Necr/Pois/Air  4%         N/A       100%        2
 Call Canine Familiar     Summ           0%         N/A       100%        3
 Ignite Poison            Fire/Tmut/Pois 0%         N/A       100%        3
 Kindle Blastsparks       Fire/Tloc/Air  0%         2d10      100%        3
 Summon Guardian Golem    Hex/Summ       0%         N/A       100%        3
 Fulminant Prism          Conj/Hex       0%         3d5       100%        4
 Iskenderun's Mystic Bla  Conj/Tloc      0%         2d3       100%        4
 Freezing Cloud           Conj/Ice/Air   0%         6-21      100%        5
 Lee's Rapid Deconstruct  Erth           0%         3d4*      100%        5


Dungeon Overview and Level Annotations

Branches:
Dungeon (15/15)            Temple (1/1) D:6            Lair (5/5) D:10
  Swamp (4/4) Lair:2       Spider (4/4) Lair:2        Slime (0/5) Lair:4
    Orc (2/2) D:11            Elf (3/3) Orc:2        Vaults (1/5) D:14
 Depths (0/4) D:15          IceCv (visited)          WizLab (visited)
Gauntlet (visited)

Altars:
Ashenzari
Cheibriados
Dithmenos
Fedhas
Gozag
Hepliaklqana
Kikubaaqudgha
Makhleb
Nemelex Xobeh
Okawaru
Qazlal
Ru
Sif Muna
Trog
Uskayaw
Vehumet
Wu Jian
Xom
Yredelemnul

Shops:
D:10 (   D:13 :*!:   Orc:2 (([*

Portals:
Trove: D:13 (give 18 scrolls of teleportation)

Annotations:
Lair:3 exclusion: oklob plant
Elf:1 1 runed translucent door


Innate Abilities, Weirdness & Mutations

You have a pair of large antennae on your head. (SInv)
You are completely covered in thin metallic scales. (AC +4, rElec)
A meltable icy envelope protects you from harm. (AC +4)
You regenerate health from kills.
You are robust. (+10% HP)
A meltable shield of frost defends you. (SH +4)


Message History

You feel sick.
You block the ghostly deep elf blademaster's attack. x2
The ghostly deep elf blademaster hits you but does no damage.
You block the ghostly deep elf blademaster's attack.
The deep elf master archer shoots an arrow.
You reflect the arrow off an invisible shield around you!
The arrow hits the deep elf master archer!!
You kill the deep elf master archer!
Trog accepts your kill.
The deep elf elementalist attacks as you move away!
You block the deep elf elementalist's attack.
The ghostly deep elf blademaster hits you but does no damage. x2
The deep elf elementalist points next to you and mumbles some strange words.
You hear rumbling.
The deep elf zephyrmancer casts a spell.
The deep elf zephyrmancer blinks!
The neqoxec gestures at you.
Something tries to feed on your intellect!
The ghostly deep elf demonologist gestures wildly while chanting.
The deep elf death mage casts a spell at you.
The bolt of negative energy hits the ghostly deep elf blademaster.
The ghostly deep elf blademaster completely resists.
The bolt of negative energy hits you!!!
You feel drained.
* * * LOW HITPOINT WARNING * * *
The bolt of negative energy hits the earth elemental.
The earth elemental completely resists.
The deep elf death mage beckons forth a restless soul!
Things that are here:
a +0 rapier; a +0 chain mail; an elf corpse The ghostly deep elf blademaster attacks as you move away!
You block the ghostly deep elf blademaster's attack.
The ghostly deep elf blademaster hits you but does no damage.
You feel a strong urge to attack something.
You feel sick.
Some walls begin to move on their own!
The deep elf zephyrmancer casts a spell.
The deep elf zephyrmancer blinks!
The deep elf death mage points at you and mumbles some strange words.
The bolt of negative energy misses the ghostly deep elf blademaster. x2
The bolt of negative energy hits you!!!
You feel drained.
You die...

...............
......4.e..{e.{
/...e.(.1e.....
...4e.e34e...
#..233e4ee{
#.3.4)e#
#1e)e#{
####e#.#
#.E@E.#
#.E...####
####.E...#
##.....##
#####'#######
#..#.<...#..#
#..+.....#..#
#..#.....+..#
#..#.....#..+


You could see 2 ghostly deep elf blademasters, a Brimstone Fiend (summoned), a
ghostly deep elf annihilator (empowered), a deep elf death mage (empowered), 2
deep elf high priests, 4 earth elementals, a rust devil (summoned) and 2 deep
elf zephyrmancers.

Vanquished Creatures
  Bai Suzhen (Swamp:3)
  Saint Roka (Orc:2)
  Nikola (Spider:3)
  Arachne (Spider:4)
  Jorgrun (Swamp:2)
  A deep elf blademaster (Elf:3)
  Rupert (Orc:2)
  A deep elf master archer (Elf:3)
  The ghost of Kuxa the Severer, an adept MeCK of Xom (Spider:3)
  Frances (D:14)
  Kirke (Lair:5)
  4 thorn hunters
  Roxanne (D:14)
  A fire giant (D:15)
  A draconian knight (WizLab)
  A fenstrider witch (Swamp:3)
  4 ghost moths
  Aizul (Swamp:4)
  7 emperor scorpions
  A draconian stormcaller (WizLab)
  2 deep elf elementalists (Elf:3)
  A broodmother (Spider:4)
  A deep elf demonologist (Elf:3)
  Nessos (D:14)
  4 eleionomae
  A minotaur (Gauntlet)
  3 bunyips
  3 deep elf annihilators
  Azrael (D:14)
  10 purple draconians (WizLab)
  3 dire elephants (Vaults:1)
  2 spark wasps
  Snorg (Lair:5)
  An ettin (Orc:1)
  9 statues (WizLab)
  The ghost of initializr the Arsonist, a journeyman HOFE of Beogh (Lair:2)
  3 deep elf death magi (Elf:3)
  Josephine (Lair:5)
  A yaktaur captain (Vaults:1)
  3 entropy weavers
  20 hydras
  Erolcha (Orc:1)
  An ogre mage (D:15)
  3 ghost crabs
  A jorogumo (Spider:2)
  2 radroaches
  10 boulder beetles
  5 centaur warriors
  A catoblepas (D:13)
  4 alligators
  9 dancing weapons
  3 death yaks (Lair:4)
  7 two-headed ogres
  A shock serpent (shapeshifter) (Gauntlet)
  A spriggan berserker (Swamp:4)
  Urug (Lair:4)
  A soul eater (D:9)
  A sun demon (D:9)
  2 deep elf knights (Elf:2)
  14 spriggans
  3 skeletal warriors (D:13)
  5 goliath frogs
  4 orb spiders
  8 pharaoh ants
  A deep elf archer (Elf:2)
  9 steelbarb worms
  10 bog bodies
  10 swamp dragons
  5 spriggan druids
  10 deep elf pyromancers
  7 deep elf zephyrmancers
  12 wolf spiders
  3 orc knights
  An orc sorcerer (Orc:2)
  3 necromancers
  2 will-o-the-wisps
  21 ugly things
  4 manticores
  3 moths of wrath
  6 cyclopes
  7 black mambas
  9 elephants
  2 ice statues (IceCv)
  A molten gargoyle (Lair:4)
  A guardian serpent (Lair:5)
  A gargoyle (D:13)
  An orange demon (D:9)
  16 cane toads
  5 torpor snails
  A hellion (Gauntlet)
  A smoke demon (D:9)
  A yaktaur (D:15)
  8 demonic crawlers
  2 efreet (D:14)
  2 unseen horrors
  5 rime drakes
  A rime drake (shapeshifter) (Gauntlet)
  A kobold demonologist (D:14)
  A red devil (D:9)
  10 komodo dragons
  An anaconda simulacrum (IceCv)
  20 tengu conjurers
  3 hellwings (D:9)
  A queen bee (Spider:1)
  6 tyrant leeches
  Grinder (D:4)
  An ice devil (D:9)
  A tyrant leech (shapeshifter) (Gauntlet)
  7 meliai
  13 polar bears
  24 tarantellas
  3 bloated husks
  6 trolls
  3 raiju (Lair:5)
  16 blink frogs
  3 slime creatures (D:13)
  14 hornets
  2 dream sheep (Lair:5)
  A tarantella (shapeshifter) (D:13)
  25 jumping spiders
  A ynoxinul (D:9)
  13 culicivoras
  A vampire (D:13)
  2 spriggans (shapeshifter)
  16 wyverns
  42 yaks
  3 basilisks
  2 fire bats (Lair:4)
  6 hogs (Lair:5)
  7 wraiths
  18 vampire mosquitoes
  A death yak simulacrum (IceCv)
  4 steam dragons
  7 fire elementals
  A neqoxec (D:9)
  57 redbacks
  12 swamp worms
  9 wargs
  An acid dragon (D:9)
  A hydra simulacrum (IceCv)
  20 water moccasins
  19 hell hounds
  10 swamp drakes
  7 ice beasts
  11 black bears (Lair:5)
  36 orc warriors
  2 sky beasts
  9 ogres
  46 wolves
  2 phantoms
  27 centaurs
  2 kobold brigands
  6 bullfrogs
  4 scorpions
  A necrophage (D:5)
  2 gnoll sergeants
  2 earth elementals
  3 wights (D:4)
  19 killer bees
  An electric eel (Lair:4)
  7 quasits (D:9)
  2 jellies
  15 orc priests
  A gnoll bouda (D:7)
  3 hounds
  4 iguanas
  23 orc wizards
  A polar bear simulacrum (IceCv)
  A wolf simulacrum (IceCv)
  24 gnolls
  8 adders
  A shadow imp (D:6)
  A white imp (D:6)
  An ufetubus (D:5)
  7 worms
  3 dart slugs
  78 orcs
  4 endoplasms
  2 giant cockroaches
  9 goblins
  5 hobgoblins
  6 jackals
  18 kobolds
  A quokka (D:5)
  6 ball pythons
  5 bats
  4 frilled lizards
  13 briar patches
1212 creatures vanquished.

Vanquished Creatures (collateral kills)
  A hydra (Lair:2)
  A redback (Lair:2)
  A floating eye (shapeshifter) (Gauntlet)
  An orc priest (Orc:2)
  An orc wizard (Orc:2)
  A gnoll (Orc:2)
  An adder (D:2)
  A ball python (D:2)
8 creatures vanquished.

Vanquished Creatures (others)
  A ghost moth (Spider:4)
  An eleionoma (Swamp:4)
  A shambling mangrove (Swamp:4)
  A hydra (Lair:2)
  An alligator (Swamp:4)
  A steelbarb worm (Spider:3)
  An orb spider (Spider:3)
  A bog body (Swamp:4)
  A bloated husk (Swamp:4)
  A jumping spider (Lair:2)
  A vampire mosquito (Swamp:4)
  2 redbacks (Lair:2)
  A swamp worm (Swamp:1)
  A swamp drake (Swamp:4)
  An orc warrior (Orc:2)
  An orc priest (Orc:2)
  A kobold (D:4)
  A bush (Lair:5)
  15 demonic plants (D:9)
  A fire vortex (Lair:4)
  26 foxfires
  44 fungi
  89 plants
194 creatures vanquished.

Grand Total: 1414 creatures vanquished

Notes
Turn   | Place    | Note
-------+----------+-------------------------------------------
     0 | D:1      | Charly the Demonspawn Wanderer began the quest for the Orb.
     0 | D:1      | Charly set off with the following items: a +0 dagger, an
                  | atropa-tipped dart, a datura-tipped dart, a +0 buckler, a
                  | potion of attraction, a +0 robe; and the following spells
                  | available to memorise: Sublimation of Blood, Cigotuvi's
                  | Dreadful Rot.
     0 | D:1      | Reached XP level 1. HP: 13/13 MP: 2/2
    72 | D:1      | Reached skill level 1 in Fighting
   323 | D:1      | Found a faded altar of an unknown god.
   344 | D:1      | Gained mutation: You have a pair of small antennae on your
                  | head. [demonic ancestry]
   344 | D:1      | Reached XP level 2. HP: 22/22 MP: 3/3
   898 | D:1      | You fall into a shaft and drop 1 floor!
  1128 | D:2      | Gained mutation: You are partially covered in thin metallic
                  | scales. (AC +2) [demonic ancestry]
  1128 | D:2      | Reached XP level 3. HP: 28/28 MP: 4/4
  2426 | D:3      | Noticed an ogre
  2443 | D:3      | Reached skill level 1 in Short Blades
  2857 | D:3      | Reached XP level 4. HP: 30/35 MP: 5/5
  3948 | D:4      | Noticed Grinder
  3983 | D:4      | Noticed an ogre
  4034 | D:3      | Gained mutation: You are mostly covered in thin metallic
                  | scales. (AC +3) [demonic ancestry]
  4034 | D:3      | Reached XP level 5. HP: 24/41 MP: 6/6
  4245 | D:4      | Paralysed by Grinder for 4 turns
  4852 | D:5      | Entered Level 5 of the Dungeon
  5046 | D:5      | Reached skill level 5 in Fighting
  5046 | D:5      | Reached XP level 6. HP: 10/48 MP: 7/7
  5183 | D:5      | Found the +2 hat of the Bear Spirit {Spirit, *Rage Will++}
  5773 | D:4      | Reached XP level 7. HP: 57/57 MP: 8/8
  6193 | D:4      | Reached skill level 1 in Long Blades
  6969 | D:6      | Found a staircase to the Ecumenical Temple.
  6975 | Temple   | Entered the Ecumenical Temple
  7178 | Temple   | Became a worshipper of Trog the Wrathful
  7450 | D:6      | Gained mutation: You have a pair of antennae on your head.
                  | [demonic ancestry]
  7450 | D:6      | Reached XP level 8. HP: 65/65 MP: 9/9
  7718 | D:6      | Reached * piety under Trog
  8000 | D:6      | Reached skill level 5 in Long Blades
  8313 | D:4      | Killed Grinder
  9347 | D:7      | Gained mutation: You are completely covered in thin
                  | metallic scales. (AC +4, rElec) [demonic ancestry]
  9347 | D:7      | Reached XP level 9. HP: 61/74 MP: 7/10
 10465 | D:8      | Identified the +8 hand axe of Valiance {freeze, Will- Str-2
                  | Int+9 SInv}
 10484 | D:8      | Reached skill level 1 in Axes
 10749 | D:8      | Identified the +0 pair of gloves of Elyvilon's Inspiration
                  | {rN+ SInv}
 11730 | D:9      | Noticed an orange demon
 11740 | D:9      | Killed an orange demon
 11740 | D:9      | Reached ** piety under Trog
 11741 | D:9      | Gained mutation: A meltable shield of frost defends you.
                  | (SH +4) [demonic ancestry]
 11741 | D:9      | Reached XP level 10. HP: 83/83 MP: 6/11
 11937 | D:9      | Reached skill level 5 in Axes
 12149 | D:9      | Noticed a cyclops
 12156 | D:9      | Killed a cyclops
 12309 | D:9      | Reached skill level 10 in Fighting
 12461 | D:9      | Noticed a smoke demon
 12475 | D:9      | Killed a smoke demon
 12497 | D:9      | Noticed a sun demon
 12503 | D:9      | Killed a sun demon
 12505 | D:9      | Noticed a soul eater
 12547 | D:9      | Killed a soul eater
 12548 | D:9      | Gained mutation: You regenerate a little health from kills.
                  | [demonic ancestry]
 12548 | D:9      | Reached XP level 11. HP: 92/92 MP: 9/12
 13416 | D:10     | Entered Level 10 of the Dungeon
 13480 | D:10     | Found Jiaps's Weapon Shop.
 13512 | D:10     | Bought a +4 vampiric hand axe for 434 gold pieces
 13739 | D:10     | Found a staircase to the Lair.
 13868 | D:10     | Noticed a two-headed ogre
 13880 | D:10     | Killed a two-headed ogre
 14107 | D:11     | Reached *** piety under Trog
 14108 | D:11     | Noticed a green ugly thing
 14190 | D:11     | Killed a green ugly thing
 14487 | D:11     | Reached skill level 10 in Axes
 14800 | D:11     | Reached **** piety under Trog
 14972 | D:11     | Noticed a two-headed ogre
 14982 | D:11     | Killed a two-headed ogre
 15107 | D:11     | Found a staircase to the Orcish Mines.
 15244 | D:12     | Gained mutation: You are robust. (+10% HP) [demonic
                  | ancestry]
 15244 | D:12     | Reached XP level 12. HP: 112/112 MP: 10/13
 15586 | D:12     | Noticed a boulder beetle
 15601 | D:12     | Killed a boulder beetle
 15709 | D:12     | Noticed a four-headed hydra
 15808 | Lair:1   | Entered Level 1 of the Lair of Beasts
 15926 | Lair:1   | Reached skill level 1 in Dodging
 16971 | Lair:2   | Reached ***** piety under Trog
 16987 | Lair:2   | Noticed a four-headed hydra
 16994 | Lair:2   | Found a hole to the Spider Nest.
 17008 | Lair:2   | Killed a four-headed hydra
 17009 | Lair:2   | Reached skill level 5 in Shields
 17010 | Lair:2   | Noticed a six-headed hydra
 17244 | Lair:2   | Noticed an eight-headed hydra
 17262 | Lair:2   | Killed a 16-headed hydra
 17466 | Lair:2   | Found a transporter.
 17471 | Lair:2   | Noticed initializr's ghost (journeyman HOFE)
 17485 | Lair:2   | Found a transporter.
 17614 | Lair:2   | Killed initializr's ghost
 17615 | Lair:2   | Reached XP level 13. HP: 122/122 MP: 9/14
 17622 | Lair:2   | Identified the ring of the Evening {rC+ MP+9}
 17796 | Lair:2   | Found a staircase to the Swamp.
 18521 | Lair:3   | Found a gate leading to a gauntlet.
 18530 | Gauntlet | Entered a Gauntlet
 18530 | Gauntlet | Found a transporter.
 18530 | Gauntlet | Found a transporter.
 18530 | Gauntlet | Found a transporter.
 18531 | Gauntlet | Found a transporter.
 18534 | Gauntlet | Found a transporter.
 18544 | Gauntlet | Found a transporter.
 18548 | Gauntlet | Found a transporter.
 18556 | Gauntlet | Noticed a dire elephant
 18558 | Gauntlet | Found a transporter.
 18649 | Gauntlet | Found a transporter.
 18659 | Gauntlet | Found a transporter.
 18663 | Gauntlet | Found a transporter.
 18673 | Gauntlet | Found a transporter.
 18777 | Gauntlet | Noticed a bunyip
 18781 | Gauntlet | a bunyip changed into a broodmother
 18781 | Gauntlet | Noticed a broodmother (glowing shapeshifter)
 18783 | Gauntlet | a broodmother changed into a spark wasp
 18783 | Gauntlet | Noticed a spark wasp (glowing shapeshifter)
 18789 | Gauntlet | a spark wasp changed into a jorogumo
 18791 | Gauntlet | a satyr changed into an ettin
 18791 | Gauntlet | Noticed an ettin (glowing shapeshifter)
 18793 | Gauntlet | an ettin changed into a radroach
 18845 | Gauntlet | Reached skill level 5 in Dodging
 18975 | Gauntlet | Found the +3 crown of Dyrovepreva {rElec Int+2 SInv}
 18975 | Gauntlet | Noticed a minotaur
 19009 | Gauntlet | Killed a minotaur
 19130 | Gauntlet | Identified the +1 scale mail of the Summoning Gods {+Inv
                  | Dex+4}
 19838 | Lair:3   | Found a blossoming altar of Fedhas.
 20283 | Lair:4   | Found a staircase to the Slime Pits.
 20305 | Lair:4   | Received a gift from Trog
 20364 | Lair:4   | Noticed Urug
 20543 | Lair:4   | Found a frozen archway.
 20562 | IceCv    | Entered an ice cave
 20583 | IceCv    | Found a transporter.
 20596 | IceCv    | Found a transporter.
 20644 | IceCv    | Gained mutation: You regenerate health from kills. [demonic
                  | ancestry]
 20644 | IceCv    | Reached XP level 14. HP: 130/130 MP: 15/15
 21357 | Lair:4   | Killed Urug
 21819 | Lair:5   | Entered Level 5 of the Lair of Beasts
 21857 | Lair:5   | Noticed Snorg
 21873 | Lair:5   | Killed Snorg
 22006 | Lair:5   | Reached skill level 5 in Evocations
 22065 | Lair:5   | Noticed Josephine
 22075 | Lair:5   | Killed Josephine
 22079 | Lair:5   | Received a gift from Trog
 22734 | Lair:5   | Paralysed by a hornet for 2 turns
 22859 | Lair:5   | Reached skill level 15 in Axes
 22980 | Lair:5   | Received a gift from Trog
 23159 | Lair:5   | Noticed Kirke
 23206 | Lair:5   | Reached skill level 5 in Armour
 23211 | Lair:5   | Killed Kirke
 23789 | D:13     | Found Tatyunas's Book Shoppe.
 23792 | D:13     | Found a portal to a secret trove of treasure.
 23812 | D:13     | Found a flickering gateway to a bazaar.
 23821 | Bazaar   | Entered a bazaar
 23825 | Bazaar   | Found Egettoe's Jewellery Boutique.
 23847 | Bazaar   | Found Ighuirusk's Antique Weapon Emporium.
 23868 | Bazaar   | Found Qaunez's Book Boutique.
 23888 | Bazaar   | Found Zebeish's Antique Armour Shoppe.
 23915 | Bazaar   | Bought a smoking plate armour for 504 gold pieces
 23915 | Bazaar   | Identified the +10 plate armour of Lies {Will+} (You bought
                  | it in a shop in a bazaar)
 23915 | Bazaar   | Bought a pitted scale mail for 162 gold pieces
 23915 | Bazaar   | Identified the +1 scale mail of Masochism {rElec rF+ Str+2}
                  | (You bought it in a shop in a bazaar)
 24028 | D:13     | Reached XP level 15. HP: 139/139 MP: 16/16
 24036 | D:13     | Found Puigriz's Book Emporium.
 24367 | D:13     | Found Zurph's Assorted Antiques.
 24371 | D:13     | Found Nezijot's Distillery.
 24428 | D:13     | Bought a potion of curing for 45 gold pieces
 24428 | D:13     | Bought a potion of heal wounds for 75 gold pieces
 24428 | D:13     | Bought 3 potions of cancellation for 360 gold pieces
 24428 | D:13     | Bought a potion of might for 60 gold pieces
 24735 | D:13     | Received a gift from Trog
 24962 | D:14     | Noticed Frances
 24978 | D:14     | Killed Frances
 25303 | D:14     | Found an opulent altar of Gozag.
 25565 | D:14     | Noticed Roxanne
 25768 | D:14     | Noticed Nessos
 25768 | D:14     | Noticed Azrael
 25789 | D:14     | Killed Azrael
 25792 | D:14     | Killed Nessos
 25902 | D:14     | Found a gate to the Vaults.
 26061 | D:14     | Reached skill level 15 in Fighting
 26607 | D:14     | Killed Roxanne
 26720 | D:15     | Entered Level 15 of the Dungeon
 26782 | D:15     | Found a staircase to the Depths.
 26782 | D:15     | Noticed a fire giant
 26801 | D:15     | Killed a fire giant
 27617 | D:15     | Found a shimmering altar of Xom.
 27793 | Orc:1    | Entered Level 1 of the Orcish Mines
 27805 | Orc:1    | Reached ****** piety under Trog
 28062 | Orc:2    | Entered Level 2 of the Orcish Mines
 28062 | Orc:2    | Noticed Saint Roka
 28070 | Orc:2    | Received a gift from Trog
 28081 | Orc:2    | Noticed Sonja
 28083 | Orc:2    | Killed Saint Roka
 28136 | Orc:2    | Sonja changed into Sonja the wyvern
 28136 | Orc:2    | Noticed Sonja
 28140 | Orc:2    | Killed Sonja the wyvern
 28288 | Orc:2    | Found a staircase to the Elven Halls.
 28364 | Orc:2    | Found Ilutish's Armour Shop.
 28364 | Orc:2    | Found Ecsoibb's Antique Weapon Emporium.
 28364 | Orc:2    | Found Ilaaf's Weapon Shoppe.
 28371 | Orc:2    | Reached XP level 16. HP: 149/149 MP: 17/17
 28373 | Orc:2    | Noticed Rupert
 28390 | Orc:2    | Killed Rupert
 28413 | Orc:2    | Received a gift from Trog
 28483 | Orc:2    | Found Kylawneg's Assorted Antiques.
 28556 | Orc:1    | Noticed Erolcha
 28567 | Orc:1    | Killed Erolcha
 29137 | Spider:1 | Entered Level 1 of the Spider Nest
 30835 | Spider:2 | Received a gift from Trog
 31372 | Spider:3 | Found a runed translucent door.
 31373 | Spider:3 | Noticed Kuxa's ghost (adept MeCK)
 31395 | Spider:3 | Killed Kuxa's ghost
 31459 | Spider:3 | Reached skill level 10 in Shields
 31547 | Spider:3 | Noticed Nikola
 31569 | Spider:3 | Killed Nikola
 31767 | Spider:3 | Gained mutation: A meltable icy envelope protects you from
                  | harm. (AC +4) [demonic ancestry]
 31767 | Spider:3 | Reached XP level 17. HP: 158/158 MP: 18/18
 31958 | Spider:3 | Found a runed translucent door.
 32236 | Spider:4 | Entered Level 4 of the Spider Nest
 32236 | Spider:4 | Noticed Arachne
 32249 | Spider:4 | Killed Arachne
 32900 | Spider:4 | Reached skill level 10 in Armour
 33522 | Spider:4 | Got a gossamer rune of Zot
 33697 | Swamp:1  | Entered Level 1 of the Swamp
 33758 | Swamp:1  | You fall into a shaft and drop 1 floor!
 33902 | Swamp:1  | Received a gift from Trog
 34661 | Swamp:2  | Noticed Jorgrun
 34685 | Swamp:2  | Killed Jorgrun
 34847 | Swamp:2  | Identified the +0 pair of gloves "Yfiseclu" {rF+}
 35141 | Swamp:3  | Noticed Bai Suzhen
 35158 | Swamp:3  | Killed Bai Suzhen
 35196 | Swamp:3  | Reached XP level 18. HP: 135/170 MP: 17/19
 35789 | Swamp:4  | Entered Level 4 of the Swamp
 35794 | Swamp:4  | Received a gift from Trog
 35996 | Swamp:4  | Noticed Aizul
 36011 | Swamp:4  | Killed Aizul
 36552 | Swamp:4  | Got a decaying rune of Zot
 36885 | Vaults:1 | Entered Level 1 of the Vaults
 36889 | Vaults:1 | Received a gift from Trog
 37083 | Elf:1    | Entered Level 1 of the Elven Halls
 37083 | Elf:1    | Found a runed translucent gate.
 37083 | Elf:1    | Found a runed translucent gate.
 37083 | Elf:1    | Found a runed translucent gate.
 37083 | Elf:1    | Found a runed translucent gate.
 37083 | Elf:1    | Found a runed translucent gate.
 37083 | Elf:1    | Found a runed translucent gate.
 37085 | Elf:1    | Found a runed translucent door.
 37093 | Elf:1    | Found a runed translucent door.
 37202 | Elf:1    | Found a magical portal.
 37211 | WizLab   | Entered Iskenderun's Mystic Tower
 37432 | WizLab   | Received a gift from Trog
 38164 | Elf:2    | Gained mutation: You have a pair of large antennae on your
                  | head. (SInv) [demonic ancestry]
 38164 | Elf:2    | Reached XP level 19. HP: 181/181 MP: 20/20
 38225 | Elf:3    | Entered Level 3 of the Elven Halls
 38264 | Elf:3    | Received a gift from Trog
 38265 | Elf:3    | Noticed a Brimstone Fiend
 38272 | Elf:3    | Killed from afar by a deep elf death mage

Illustrated notes

Levels and vault maps discovered:
D:1:      erik_arrival_blinker_ship, layout_loops_ring,
          shapermc_ecumenical_altar_starsandcircs, minmay_pentomino_o2
D:2:      layout_basic, minmay_shallow_snake_nest
D:3:      kennysheep_the_goblin_king, layout_loops_cross
D:4:      layout_loops_ring, uniq_grinder
D:5:      layout_cave_pools, amcnicky_altar_gilded, minmay_checkerbox
D:6:      layout_basic, minmay_temple_entry_hall
D:7:      layout_basic
D:8:      layout_loops_corners, kennysheep_cross_room
D:9:      layout_stronghold, serial_demonic, serial_demonic_b, serial_demonic_g,
          serial_demonic_d, serial_demonic_e, serial_demonic_d,
          serial_demonic_c, serial_demonic_g, serial_demonic_d,
          serial_demonic_f, serial_demonic_e
D:10:     layout_rooms, hellmonk_lair_entry_icy, serial_shops, shop_statue,
          solitary_fountain
D:11:     layout_long_grid, hiddenorc1_lemuel, kennysheep_generic_room_5
D:12:     layout_roguey
D:13:     layout_layer_cave, enter_trove_1, serial_shops, bzr_in_the_mist,
          nicolae_diamond_shop, shop, shop_fountains, shop
D:14:     layout_loops_ring, david_vaults_1, nicolae_gozag_seed_capital,
          serial_aquarium, aquarium_bridge_island_small
          [aquarium_subvault_small_open, aquarium_subvault_bridge,
          aquarium_subvault_wall, aquarium_subvault_wall,
          aquarium_subvault_wall], aquarium_window_fake,
          aquarium_window_corridor_1, aquarium_window_double, aquarium_window_1,
          aquarium_view_2c, aquarium_view_2b, aquarium_pool_S, uniq_roxanne,
          uniq_nessos, uniq_azrael, uniq_frances
D:15:     grunt_enter_depths_giant_problem, layout_long_grid, xom_teletrap_fun
Temple:   mainiacjoe_temple_starburst
Lair:1:   layout_concentric_octagons
Lair:2:   layout_loops_ring, skrybe_swamp_entry_bodies, spider_nest_entry_a,
          gammafunk_ghost_berserking_beasts
Lair:3:   layout_cave_pods, gauntlet_entry_generic, tgw_fedhas
Lair:4:   layout_gridlike, slime_entry_1, portal_ice_cave_rime,
          grunt_megastairs_2, uniq_urug
Lair:5:   hangedman_lair_tendril_chambers, layout_cave_shapes,
          hangedman_lair_caniforms_friends, uniq_kirke, uniq_josephine,
          uniq_snorg
Swamp:1:  layout_basic_swamp, infiniplex_staircase_pool, swamp_pool3
Swamp:2:  layout_falls_marsh, hangedman_swamp_cone,
          nicolae_swamp_orc_logging_accident, uniq_jorgrun
Swamp:3:  layout_basic_swamp, evilmike_swamp_ruin_house_1, uniq_bai_suzhen
Swamp:4:  swamp_basic_johnstein, layout_basic_swamp, roderic_carrion_pond,
          uniq_aizul
Spider:1: layout_chambers, hive_lemuel
Spider:2: nicolae_spider_mines_3, nicolae_spider_eight_legs
Spider:3: cheibrodos_spider_deadly_dance, hellmonk_ghost_happy_afterlife,
          uniq_nikola
Spider:4: hellmonk_spider_rune_bug_friends, uniq_arachne
Orc:1:    layout_caves, uniq_erolcha
Orc:2:    st_orc_rangers, layout_caves, uniq_sonja, uniq_rupert, uniq_saint_roka
Elf:1:    nicolae_elf_arrival_dilemma, layout_gridlike, mu_enter_wizlab_5,
          hangedman_elf_represent
Elf:2:    elven_hall_of_blades_hangedman_original [nicolae_blade_little_rooms],
          layout_geoelf_grid
Elf:3:    minmay_elf_hall_quartered_circle, layout_geoelf_diagonals,
          gammafunk_ghost_tricky_traps, serial_shops, shop, minivault_25_ag,
          st_stairs_13
Vaults:1: gammafunk_ghost_abyssal_escape, v_alt_pattern_2, v_misc_18,
          vaults_room_ringed_pool, v_alt_pattern_2,
          nicolae_vaults_yaktaur_gun_rack, nicolae_vaults_gold_heap,
          ontoclasm_vaults_tryst, st_lattice, layout_vaults_big_room

Skill      XL: |  1  2  3  4  5  6  7  8  9 10 11 12 13 14 15 16 17 18 |
---------------+-------------------------------------------------------+-----
Fighting       | 1 2 3 5 6 7 9 10 12 13 14 15 16 17 18 | 18.9
Short Blades   | 1 2 |  2.0
Stealth        | 4 |  4.0
Shields        | 2 3 4 5 7 8 10 12 13 | 13.8
Long Blades    | 3 6 7 |  7.6
Axes           | 4 8 11 12 14 15 16 17 18 | 18.0
Dodging        | 4 6 |  6.0
Evocations     | 4 5 |  5.0
Armour         | 2 5 7 8 10 12 | 12.9
Spellcasting   | |  1.0
Necromancy     | |  2.1

Action                   |  1- 3 |  4- 6 |  7- 9 | 10-12 | 13-15 | 16-18 | 19-21 || total
-------------------------+-------+-------+-------+-------+-------+-------+-------++-------
Melee: Dagger            |   102 |       |       |       |       |       |       ||   102
       Short sword       |    80 |   309 |       |       |       |       |       ||   389
       Falchion          |       |    15 |   286 |       |       |       |       ||   301
       Hand axe          |       |       |    52 |   660 |   217 |       |       ||   929
       War axe           |       |       |       |       |   583 |       |       ||   583
       Broad axe         |       |       |       |       |   386 |  1339 |    49 ||  1774
Throw: Dart              |     8 |     6 |     1 |     6 |     1 |       |       ||    22
Invok: Berserk           |       |       |     3 |     8 |    10 |     4 |     1 ||    26
       Trog's Hand       |       |       |       |     1 |       |       |     1 ||     2
       Brothers in Arms  |       |       |       |     2 |     1 |       |       ||     3
Evoke: Wand              |       |     2 |       |    14 |    13 |     1 |       ||    30
       Tin of tremorston |       |       |       |       |     5 |     1 |       ||     6
       Box of beasts     |       |       |       |       |     1 |       |       ||     1
       Phantom mirror    |       |       |       |       |     1 |       |       ||     1
  Use: Scroll            |     6 |     1 |    12 |     8 |    22 |     9 |     1 ||    59
       Potion            |     2 |       |       |     1 |     2 |       |       ||     5
 Stab: Sleeping          |     8 |     5 |     4 |     1 |       |       |       ||    18
       Invisible         |     1 |     1 |       |       |     4 |       |       ||     6
       Distracted        |     1 |       |       |       |     1 |     1 |       ||     3
Armor: Robe              |    35 |    91 |    40 |       |       |       |       ||   166
       Scale mail        |       |       |    82 |    87 |       |       |       ||   169
       Steam dragon scal |       |       |       |   226 |    68 |       |       ||   294
       Chain mail        |       |       |       |       |   535 |       |       ||   535
       Plate armour      |       |       |       |       |   257 |   869 |    28 ||  1154
Dodge: Dodged            |    71 |   164 |   136 |   272 |   366 |   222 |     9 ||  1240
Block: Buckler           |    24 |    56 |    82 |   325 |    84 |       |       ||   571
       Kite shield       |       |       |       |       |   890 |  1374 |    39 ||  2303
       Reflection        |       |       |       |       |       |    21 |     3 ||    24

Table legend: (Time is in decaauts)
 A = Elapsed time spent in this place.
 B = Non-inter-level travel time spent in this place.
 C = Inter-level travel time spent in this place.
 D = Time resting spent in this place.
 E = Time spent auto-exploring this place.
 F = Levels seen in this place.
 G = Mean time per level.
                   A        B        C        D        E       F      G
               +--------+--------+--------+--------+--------+-----+--------+
         Total |  39109 |  36525 |   2584 |   4026 |  23783 |  39 | 1002.8 |
       Dungeon |  20512 |  18876 |   1636 |   2079 |  12743 |  15 | 1367.5 |
        Temple |    256 |    204 |     52 |      0 |    169 |   1 |  256.0 |
          Lair |   7034 |   6650 |    384 |    767 |   4317 |   5 | 1406.8 |
         Swamp |   3249 |   3029 |    220 |    351 |   1813 |   4 |  812.2 |
   Spider Nest |   4616 |   4474 |    142 |    477 |   2947 |   4 | 1154.0 |
  Orcish Mines |   1307 |   1187 |    120 |    107 |    805 |   2 |  653.5 |
   Elven Halls |    252 |    228 |     24 |     26 |     10 |   3 |   84.0 |
        Vaults |     28 |     23 |      5 |      0 |      3 |   1 |   28.0 |
        Bazaar |    119 |    119 |      0 |      0 |     85 |   1 |  119.0 |
      Ice Cave |    182 |    182 |      0 |     72 |     15 |   1 |  182.0 |
        Wizlab |    924 |    924 |      0 |     34 |    555 |   1 |  924.0 |
      Gauntlet |    624 |    624 |      0 |    111 |    319 |   1 |  624.0 |
               +--------+--------+--------+--------+--------+-----+--------+

Top non-repeatable levels by time:
     D:3: 2153 daAuts
    D:14: 1698 daAuts
     D:4: 1633 daAuts
Spider:1: 1591 daAuts
     D:9: 1573 daAuts
  Lair:5: 1536 daAuts
  Lair:2: 1494 daAuts
     D:2: 1490 daAuts
     D:8: 1487 daAuts
  Lair:3: 1471 daAuts
  Lair:4: 1463 daAuts
    D:13: 1432 daAuts
     D:6: 1412 daAuts
     D:5: 1401 daAuts
Spider:4: 1373 daAuts
